 Dungeon Crawl Stone Soup version 0.31.0-1-g2c135a008e (webtiles) character file.

Game seed: 7329011056220067866

4858 qw the Skirmisher (level 10, -3/75 HPs)
             Began as a Djinni Hunter on Jan 23, 2024.
             Was an Elder of Okawaru.
             Slain by an orc warrior
             ... wielding a +0 glaive
              (6 damage)
             ... on level 9 of the Dungeon.
             The game lasted 00:00:40 (6793 turns).

qw the Skirmisher (Djinni Hunter)                   Turns: 6793, Time: 00:00:41

Health: -3/75      AC:  8    Str: 20    XL:     10   Next: 78%
Gold:   319        EV: 17    Int:  9    God:    Okawaru [****..] SH:  5 Dex: 21

rFire   + + .        a - +1 shortbow (flame)
rCold   x . .        (shield currently unavailable)
rNeg    . . .        i - +2 robe {Will+}
rPois   inf          c - +0 helmet
rElec   .            (no cloak)
rCorr   .            m - +0 pair of gloves
SInv    +            (boots unavailable)
Will    ++...        e - amulet of reflection
Stlth   ++           d - ring of see invisible
HPRegen 0.32/turn    r - +6 ring of strength
MPRegen 0.00/turn

%: reflection, infuse magic (-4 HP)
@: about to teleport, weakened, flying, hasted, very quick
A: sickness immunity, fire resistance 2, cold vulnerability 1, float, innate
caster, HP casting, extra vitality 1, iridescent scales 1, strong 1
a: Renounce Religion, Heroism, Finesse


You were on level 9 of the Dungeon.
You worshipped Okawaru.
Okawaru was greatly pleased with you.
You visited 1 branch of the dungeon, and saw 9 of its levels.

You collected 539 gold pieces.
You spent 220 gold pieces at shops.


Innate Abilities, Weirdness & Mutations

You are immune to sickness and miasma.
You are immune to poison.
Your flesh is very heat resistant. (rF++)
You are vulnerable to cold. (rC-)
You float through the air rather than walking.
You learn spells naturally, not from books.
Your magical power is your life essence.
You have superior vitality. (+4 MHP)
You are partially covered in iridescent scales. (AC +2)
Your muscles are strong. (Str +4, Int/Dex -1)


   Skills:
 - Level 7.1 Fighting
 - Level 9.2 Ranged Weapons
 - Level 1.5 Armour
 + Level 7.8 Dodging
 - Level 0.7 Stealth
 + Level 5.3 Invocations


You knew the following spells:

 Your Spells              Type           Power      Damage    Failure   Level
a - Shock                 Conj/Air       0%         1d3       38%         1
b - Scorch                Fire           0%         2d5       52%         2
c - Static Discharge      Conj/Air       0%         3-3/arc   52%         2
d - Mephitic Cloud        Conj/Alch/Air  0%         N/A       77%         3
Your spell library was empty.

Inventory:

Hand Weapons
 a - a +1 shortbow of flaming (weapon)
Armour
 c - a +0 helmet (worn)
 g - +0 steam dragon scales
 i - a +2 robe of willpower (worn)
 m - a +0 pair of gloves (worn)
Jewellery
 d - a ring of see invisible (left hand)
 e - an amulet of reflection (around neck)
 f - a ring of positive energy
 p - a ring of protection from fire
 r - a +6 ring of strength (right hand)
Wands
 j - a wand of iceblast (5)
Scrolls
 u - 2 scrolls of teleportation
 v - a scroll of identify
 w - a scroll of revelation {unknown}
Potions
 b - a potion of might
 h - 9 potions of curing
 k - a potion of enlightenment {unknown}
 l - a potion of resistance
 n - a potion of invisibility {unknown}
 o - a potion of magic {unknown}
 q - 2 potions of cancellation
 t - a potion of brilliance {unknown}

Dungeon Overview and Level Annotations

Branches:
Dungeon (9/15)             Temple (0/1) D:6
   Lair: D:8-11         Orc: D:9-12

Altars:
Cheibriados
Fedhas
Gozag
Okawaru
Ru
Uskayaw
Wu Jian
Xom

Shops:
D:5 =

Annotations:
D:6 2 transporters, exclusion: oklob plant, qw's ghost, novice GrHu
D:8 3 runed translucent doors, qw's ghost, novice DjHu


Message History

The orc warrior hits you but does no damage.
You shoot an arrow. The arrow barely misses the killer bee.
The arrow hits the orc wizard but does no damage.
You block the killer bee's attack.
You shoot an arrow. The arrow barely misses the killer bee.
The arrow hits the orc wizard.
The arrow burns the orc wizard.
The orc wizard is moderately wounded.
The killer bee stings you. The orc warrior misses you.
You shoot an arrow.
The arrow hits the killer bee but does no damage.
The killer bee is almost dead.
The killer bee stings you!
6789 ||| READING 3 scrolls of teleportation.
As you read the scroll of teleportation, it crumbles to dust.
You feel strangely unstable. The killer bee closely misses you.
The gnoll bouda gazes fiercely through you!
You feel your attacks grow feeble.
The orc warrior hits you from afar with a +0 glaive!
The boulder beetle leaps!
The killer bee misses you.
You shoot an arrow. The arrow hits the killer bee.
The arrow burns the killer bee.
You kill the killer bee!
Okawaru accepts your kill.
The boulder beetle leaps!
The orc warrior closely misses you.
You shoot an arrow.
The arrow hits the orc warrior but does no damage.
The orc warrior is moderately wounded.
You shoot an arrow. The arrow hits the orc warrior!
The arrow burns the orc warrior.
The orc warrior is severely wounded.
The orc wizard casts a spell.
The orc wizard flickers and vanishes for a moment.
The orc warrior closely misses you.
You shoot an arrow.
The arrow closely misses the orc warrior.
The arrow hits the orc wizard.
The arrow burns the orc wizard.
The orc wizard is heavily wounded.
The orc warrior hits you from afar with a +0 glaive.
You die...

#..# ... ... Oc g#
##o# #Bo# #)#
######@#### #######
#.....<...# .....<#
#.........#
......#####........)#
......'...#.........#
......###...........#
......# ###.........#
......# #.........#
^..[..# #.........#


You could see a boulder beetle, a two-headed ogre, an orc warrior, a centaur, a
gnoll bouda and an orc wizard (invisible).

Vanquished Creatures
  Pikel (D:5)
  Grinder (D:5)
  2 hornets
  Prince Ribbit (D:5)
  Sigmund (D:2)
  A yak (D:8)
  A vampire mosquito (D:5)
  A steam dragon (D:6)
  2 water moccasins (D:5)
  An orc warrior (D:9)
  4 black bears
  A sky beast (D:7)
  2 ice beasts
  2 ogres
  2 phantoms (D:4)
  2 lemures (D:5)
  2 kobold brigands (D:8)
  7 bullfrogs
  A gnoll sergeant (D:7)
  2 scorpions
  6 killer bees
  6 hounds
  8 jellies
  A gnoll bouda (D:5)
  4 orc wizards
  Jessica (D:3)
  5 iguanas
  A sleepcap (D:4)
  Terence (D:3)
  7 gnolls
  2 adders
  A shadow imp (D:5)
  A white imp (D:8)
  3 ufetubi
  A dart slug (D:5)
  2 ribbon worms
  11 orcs
  5 endoplasms
  5 giant cockroaches
  5 goblins
  10 hobgoblins
  5 jackals
  2 quokkas
  7 ball pythons
  A bat (D:1)
  4 frilled lizards
  5 kobolds
  2 rats (D:1)
149 creatures vanquished.

Notes
Turn   | Place    | Note
-------+----------+-------------------------------------------
     0 | D:1      | qw the Djinni Hunter began the quest for the Orb.
     0 | D:1      | Reached XP level 1. HP: 18/18 MP: 0/0
     0 | D:1      | 0 ||| qw: Version: 0.3-a-134-g2ba4250
     0 | D:1      | 0 ||| qw: Game counter: 703
     0 | D:1      | 0 ||| qw: Melee chars always use a shield: true
     0 | D:1      | 0 ||| qw: God list: Okawaru
     0 | D:1      | 0 ||| qw: Allow faded altars: false
     0 | D:1      | 0 ||| qw: Do Orc after clearing Dungeon:15 true
     0 | D:1      | 0 ||| qw: Do second Lair branch before Depths: true
     0 | D:1      | 0 ||| qw: Lair rune preference: random
     0 | D:1      | 0 ||| qw: Goals: Normal
     0 | D:1      | 0 ||| PLANNING D:1-11
   223 | D:1      | Reached XP level 2. HP: 23/23 MP: 0/0
   632 | D:1      | 632 ||| READING scroll labelled QEG VOBLUM.
   749 | D:1      | 749 ||| READING scroll labelled SAUN DURIA.
   750 | D:1      | 750 ||| DROPPING scroll of butterflies.
   754 | D:1      | Reached XP level 3. HP: 28/28 MP: 0/0
   754 | D:1      | Learned a level 1 spell: Shock
   757 | D:1      | Reached skill level 4 in Ranged Weapons
   969 | D:1      | 969 ||| READING scroll labelled HIYNLY ZEROG.
  1070 | D:1      | 1070 ||| READING 3 scrolls labelled ZATAOG YLIWK.
  1071 | D:1      | 1071 ||| DRINKING 2 glowing silvery potions.
  1072 | D:1      | 1072 ||| DROPPING 2 scrolls of noise.
  1207 | D:2      | Noticed Sigmund
  1210 | D:2      | 1210 ||| FLEEEEING.
  1211 | D:2      | 1211 ||| FLEEEEING.
  1212 | D:2      | 1212 ||| FLEEEEING.
  1213 | D:2      | 1213 ||| FLEEEEING.
  1214 | D:2      | 1214 ||| FLEEEEING.
  1215 | D:2      | 1215 ||| FLEEEEING.
  1216 | D:2      | 1216 ||| FLEEEEING.
  1217 | D:2      | 1217 ||| FLEEEEING.
  1218 | D:2      | 1218 ||| FLEEEEING.
  1219 | D:2      | 1219 ||| FLEEEEING.
  1220 | D:2      | 1220 ||| FLEEEEING.
  1237 | D:2      | Killed Sigmund
  1238 | D:2      | Reached XP level 4. HP: 21/39 MP: 0/0
  1238 | D:2      | Reached XP level 5. HP: 23/43 MP: 0/0
  1238 | D:2      | Learned a level 2 spell: Scorch
  1238 | D:2      | Reached XP level 6. HP: 27/49 MP: 0/0
  1567 | D:2      | 1567 ||| UPGRADING to +2 robe of willpower.
  1577 | D:2      | 1577 ||| DROPPING +0 leather armour.
  1578 | D:2      | 1578 ||| READING scroll labelled RELEIXZ MAMEWO.
  1578 | D:2      | 1578 ||| IDENTIFYING fuming puce potion
  1579 | D:2      | 1579 ||| DRINKING potion of mutation.
  1579 | D:2      | Gained mutation: You are dopey. (Int -2) [potion of
                  | mutation]
  1579 | D:2      | Gained mutation: You are agile. (Dex +4, Str/Int -1)
                  | [potion of mutation]
  1594 | D:3      | Noticed Jessica
  1597 | D:3      | Killed Jessica
  1753 | D:3      | Found an iron altar of Okawaru.
  1755 | D:3      | 1755 ||| PLANNING OKAWARU WORSHIP
  1755 | D:3      | 1755 ||| UPGRADING to amulet of reflection.
  1760 | D:3      | 1760 ||| READING scroll labelled QEKASSU PINADAKO.
  1761 | D:3      | 1761 ||| DRINKING 3 bubbling silvery potions.
  1764 | D:3      | Noticed Terence
  1769 | D:3      | Killed Terence
  1770 | D:3      | Reached skill level 3 in Dodging
  1774 | D:3      | Became a worshipper of Warmaster Okawaru
  1775 | D:3      | 1775 ||| PLANNING D:1-11
  1890 | D:3      | Found a faded altar of an unknown god.
  2118 | D:3      | 2118 ||| UPGRADING to ring of see invisible.
  2119 | D:3      | 2119 ||| DRINKING 2 green potions.
  2120 | D:3      | 2120 ||| DROPPING potion of degeneration.
  2767 | D:4      | Reached XP level 7. HP: 18/54 MP: 0/0
  2767 | D:4      | Learned a level 2 spell: Static Discharge
  2769 | D:4      | HP: 13/54 [phantom (3)]
  2770 | D:4      | 2770 ||| READING scroll of teleportation.
  2959 | D:4      | Reached skill level 5 in Ranged Weapons
  3017 | D:4      | Reached * piety under Okawaru
  3076 | D:4      | Reached skill level 1 in Invocations
  3114 | D:4      | 3114 ||| DRINKING potion of mutation.
  3114 | D:4      | Lost mutation: You are agile. (Dex +4, Str/Int -1) [potion
                  | of mutation]
  3114 | D:4      | Lost mutation: You are dopey. (Int -2) [potion of mutation]
  3114 | D:4      | Gained mutation: You are partially covered in iridescent
                  | scales. (AC +2) [potion of mutation]
  3114 | D:4      | Gained mutation: Your muscles are strong. (Str +4, Int/Dex
                  | -1) [potion of mutation]
  3130 | D:4      | 3130 ||| ZAPPING wand of mindburst (10) at 0,1 (black bear;
                  | floor).
  3131 | D:4      | Reached XP level 8. HP: 59/59 MP: 0/0
  3139 | D:4      | 3139 ||| DROPPING +6 ring of intelligence.
  3140 | D:4      | 3140 ||| UPGRADING to +6 ring of strength.
  3141 | D:4      | 3141 ||| READING 3 scrolls of identify.
  3141 | D:4      | 3141 ||| IDENTIFYING ruby potion
  3142 | D:4      | 3142 ||| READING 2 scrolls of identify.
  3142 | D:4      | 3142 ||| IDENTIFYING silvery potion
  3143 | D:4      | 3143 ||| READING scroll of identify.
  3143 | D:4      | 3143 ||| IDENTIFYING 2 emerald potions
  3144 | D:4      | 3144 ||| READING scroll labelled KITZID YCRO.
  3144 | D:4      | 3144 ||| ENCHANTING +0 shortbow.
  3145 | D:4      | 3145 ||| READING scroll labelled PYOTUOT BIHO.
  3240 | D:4      | 3240 ||| READING scroll labelled BONONA GAOPUSCH.
  3240 | D:4      | 3240 ||| BRANDING +1 shortbow.
  3241 | D:4      | 3241 ||| DRINKING 2 smoky sapphire potions.
  3282 | D:4      | 3282 ||| DROPPING 2 potions of attraction.
  3283 | D:4      | 3283 ||| DROPPING potion of lignification.
  3315 | D:5      | Entered Level 5 of the Dungeon
  3328 | D:5      | 3328 ||| RETREEEEATING.
  3338 | D:5      | Noticed Pikel
  3339 | D:5      | 3339 ||| RETREEEEATING.
  3348 | D:5      | 3348 ||| ZAPPING wand of mindburst (9) at -1,1 (Pikel;
                  | floor).
  3349 | D:5      | 3349 ||| RETREEEEATING.
  3350 | D:5      | 3350 ||| ZAPPING wand of mindburst (8) at -1,1 (Pikel;
                  | floor).
  3350 | D:5      | Killed Pikel
  3351 | D:5      | Reached skill level 6 in Ranged Weapons
  3351 | D:5      | Reached skill level 3 in Invocations
  3519 | D:5      | 3519 ||| ZAPPING wand of mindburst (7) at -2,0 (hound;
                  | floor).
  3537 | D:5      | 3537 ||| FLEEEEING.
  3538 | D:5      | Reached ** piety under Okawaru
  3579 | D:5      | Found Ofieh's Jewellery Emporium.
  3581 | D:5      | Noticed Grinder
  3582 | D:5      | 3582 ||| ZAPPING wand of mindburst (6) at -4,4 (Grinder;
                  | floor).
  3583 | D:5      | 3583 ||| ZAPPING wand of mindburst (5) at -3,3 (Grinder;
                  | floor).
  3584 | D:5      | 3584 ||| ZAPPING wand of mindburst (4) at -2,2 (Grinder;
                  | floor).
  3585 | D:5      | 3585 ||| ZAPPING wand of mindburst (3) at -1,1 (Grinder;
                  | floor).
  3586 | D:5      | 3586 ||| ZAPPING wand of mindburst (2) at -1,1 (Grinder;
                  | floor).
  3593 | D:5      | 3593 ||| ZAPPING wand of mindburst (1) at -1,1 (Grinder;
                  | floor).
  3593 | D:5      | Killed Grinder
  3594 | D:5      | Reached skill level 7 in Ranged Weapons
  3594 | D:5      | Reached XP level 9. HP: 65/65 MP: 0/0
  3594 | D:5      | Learned a level 3 spell: Mephitic Cloud
  3598 | D:5      | 3598 ||| SHOPLISTING +5 ring of evasion (396 gold, have
                  | 250).
  3598 | D:5      | 3598 ||| SHOPLISTING +6 ring of strength (396 gold, have
                  | 250).
  3598 | D:5      | 3598 ||| BUYING ring of positive energy (220 gold).
  3598 | D:5      | Bought a ring of positive energy for 220 gold pieces
  3598 | D:5      | 3598 ||| SHOPLISTING ring of willpower (275 gold, have 30).
  3647 | D:5      | HP: 14/65 [vampire mosquito (9)]
  3652 | D:5      | HP: 7/65 [gnoll bouda/+0 whip (3)]
  3654 | D:5      | HP: 2/65 [gnoll bouda/+0 whip (2)]
  3655 | D:5      | Reached skill level 6 in Dodging
  3931 | D:5      | Noticed Prince Ribbit
  3958 | D:5      | 3958 ||| ZAPPING wand of iceblast (10) at 2,-2 (floor).
  3960 | D:5      | 3960 ||| ZAPPING wand of iceblast (9) at 4,-3 (Prince
                  | Ribbit; floor).
  3960 | D:5      | Killed Prince Ribbit
  3963 | D:5      | 3963 ||| FLEEEEING.
  3964 | D:5      | 3964 ||| FLEEEEING.
  3967 | D:5      | 3967 ||| FLEEEEING.
  3968 | D:5      | 3968 ||| FLEEEEING.
  3969 | D:5      | 3969 ||| FLEEEEING.
  3979 | D:5      | 3979 ||| FLEEEEING.
  3980 | D:5      | 3980 ||| FLEEEEING.
  3981 | D:5      | 3981 ||| FLEEEEING.
  3982 | D:5      | 3982 ||| FLEEEEING.
  3983 | D:5      | 3983 ||| FLEEEEING.
  3984 | D:5      | 3984 ||| FLEEEEING.
  4002 | D:5      | 4002 ||| FLEEEEING.
  4003 | D:5      | 4003 ||| FLEEEEING.
  4064 | D:5      | 4064 ||| FLEEEEING.
  4065 | D:5      | 4065 ||| FLEEEEING.
  4233 | D:5      | Found a hide-covered altar of Uskayaw.
  4235 | D:5      | Found a snail-covered altar of Cheibriados.
  4236 | D:5      | Found a sacrificial altar of Ru.
  4267 | D:5      | Reached skill level 8 in Ranged Weapons
  4370 | D:5      | 4370 ||| UPGRADING to +0 pair of gloves.
  4375 | D:5      | 4375 ||| DROPPING ring of wizardry.
  4376 | D:5      | 4376 ||| READING scroll labelled YZEBLE NUEFF.
  4377 | D:5      | 4377 ||| READING scroll labelled QAICVY YDUEQE.
  4405 | D:6      | Reached skill level 1 in Armour
  4419 | D:6      | Found a transporter.
  4420 | D:6      | Noticed qw's ghost (novice GrHu)
  4421 | D:6      | Found a transporter.
  4429 | D:6      | Reached *** piety under Okawaru
  4459 | D:6      | Found a staircase to the Ecumenical Temple.
  4530 | D:6      | Found a blossoming altar of Fedhas.
  4542 | D:6      | Noticed an oklob plant
  4543 | D:6      | 4543 ||| READING scroll labelled NIATAI MUNG.
  4845 | D:6      | Reached skill level 6 in Fighting
  4991 | D:6      | Reached XP level 10. HP: 72/72 MP: 0/0
  5123 | D:6      | 5123 ||| UPGRADING to +0 helmet.
  5128 | D:6      | 5128 ||| READING scroll labelled LYEQIBI XISS.
  5132 | D:7      | 5132 ||| STAIRDANCE
  5143 | D:7      | 5143 ||| STAIRDANCE
  5244 | D:7      | Reached skill level 9 in Ranged Weapons
  5325 | D:7      | Found an ornate altar of the Wu Jian Council.
  5365 | D:7      | 5365 ||| ZAPPING wand of iceblast (8) at -2,1 (ogre;
                  | floor).
  5778 | D:8      | 5778 ||| RETREEEEATING.
  5782 | D:8      | 5782 ||| RETREEEEATING.
  5784 | D:8      | Reached **** piety under Okawaru
  5921 | D:8      | Found a shimmering altar of Xom.
  6046 | D:8      | 6046 ||| ZAPPING wand of iceblast (7) at -2,-2 (bullfrog;
                  | floor).
  6070 | D:8      | 6070 ||| ZAPPING wand of iceblast (6) at 1,3 (bullfrog;
                  | floor).
  6149 | D:8      | 6149 ||| READING scroll of brand weapon.
  6149 | D:8      | 6149 ||| BRANDING +1 shortbow of chaos.
  6380 | D:8      | Found a runed translucent gate.
  6381 | D:8      | Found a runed translucent gate.
  6382 | D:8      | Found a runed translucent gate.
  6382 | D:8      | Found an opulent altar of Gozag.
  6385 | D:8      | Noticed qw's ghost (novice DjHu)
  6673 | D:8      | 6673 ||| DRINKING 2 white potions.
  6739 | D:9      | 6739 ||| RETREEEEATING.
  6746 | D:9      | Noticed a boulder beetle
  6747 | D:9      | 6747 ||| DRINKING potion of haste.
  6773 | D:9      | Noticed a boulder beetle
  6776 | D:9      | Noticed a two-headed ogre
  6788 | D:9      | HP: 13/75 [killer bee (7)]
  6789 | D:9      | 6789 ||| READING 3 scrolls of teleportation.
  6789 | D:9      | HP: 2/75 [orc warrior/+0 glaive (11)]
  6793 | D:9      | Slain by an orc warrior

Levels and vault maps discovered:
D:1:      giann_wishing_wells, layout_basic, minmay_nonomino_d4
D:2:      layout_rooms, uniq_sigmund
D:3:      layout_rooms, okawaru_trees_1, serial_forest,
          infiniplex_forest_clump_large, infiniplex_forest_fountain,
          infiniplex_forest_clump_cross, infiniplex_forest_end_3,
          infiniplex_forest_corner_1, infiniplex_forest_lined_ring,
          infiniplex_forest_clump_long, hellmonk_ecumenical_altar_leap_of_faith,
          minmay_surrounded, uniq_jessica, uniq_terence
D:4:      minmay_opposing_rooms, layout_basic, minmay_door_square
D:5:      layout_basic, gammafunk_temple_overflow_forgotten, serial_shops,
          nicolae_shop_gaudy_bauble, minmay_manual_mess, uniq_grinder,
          uniq_pikel, uniq_prince_ribbit1
D:6:      layout_rooms, tgw_fedhas, minmay_temple_entry_grid,
          gammafunk_ghost_arena, hangedman_decor_opposing
D:7:      layout_cave_pools, nicolae_wu_jian_immortal_techniques
D:8:      layout_loops_ring, ebering_ghost_gozag, minmay_ruined_shrine
D:9:      layout_roguey, enter_bailey_3, minmay_bent, uniq_amaemon, uniq_grum,
          uniq_harold, uniq_jeremiah

Skill      XL: |  1  2  3  4  5  6  7  8  9 10 |
---------------+-------------------------------+-----
Ranged Weapons | 4 5 7 8 9 |  9.2
Fighting       | 5 6 7 |  7.1
Dodging        | 3 4 5 6 7 |  7.8
Invocations    | 2 4 5 |  5.3
Armour         | 1 |  1.5
Stealth        | |  0.7

Action                     |  1- 3 |  4- 6 |  7- 9 | 10-12 || total
---------------------------+-------+-------+-------+-------++-------
   Fire: Shortbow          |    78 |   112 |   331 |   208 ||   729
  Evoke: Wand              |       |       |    12 |     3 ||    15
    Use: Scroll            |     4 |     2 |    10 |     3 ||    19
         Potion            |     1 |     3 |     2 |     2 ||     8
 Armour: Leather armour    |    18 |       |       |       ||    18
         Robe              |       |    20 |    86 |    47 ||   153
  Dodge: Dodged            |    19 |    26 |   103 |    72 ||   220
  Block: Other             |       |     8 |    44 |    18 ||    70

Table legend:
 A = Non-vault XP
 B = Vault XP
 C = Vault XP percentage of total XP
 D = Non-vault monster count
 E = Vault monster count
 F = Vault count percentage of total count
                 A         B        C        D         E       F
            +---------+---------+-------+---------+---------+-------
      Total |    3802 |    3138 |  45.2 |     107 |      38 |  26.2
            +---------+---------+-------+---------+---------+-------
        D:1 |      22 |       9 |  29.0 |      14 |       6 |  30.0
        D:2 |      19 |     223 |  92.1 |       5 |       1 |  16.7
        D:3 |       9 |      90 |  90.9 |       5 |       7 |  58.3
        D:4 |     272 |     385 |  58.6 |      23 |       8 |  25.8
        D:5 |     628 |    1423 |  69.4 |      15 |       8 |  34.8
        D:6 |    1160 |       0 |   0.0 |      16 |       0 |   0.0
        D:7 |     992 |       0 |   0.0 |      14 |       0 |   0.0
        D:8 |     353 |     867 |  71.1 |       8 |       7 |  46.7
        D:9 |     347 |     141 |  28.9 |       7 |       1 |  12.5
            +---------+---------+-------+---------+---------+-------
